 Dungeon Crawl Stone Soup version 0.21.1-1-g345015fe64 (webtiles) character file.

89 Peloso the Shield-Bearer (level 4, -3/40 HPs)
             Began as a Minotaur Fighter on June 2, 2018.
             Slain by Grinder (5 damage)
             ... on level 3 of the Dungeon.
             The game lasted 00:03:42 (1779 turns).

Peloso the Shield-Bearer (Minotaur Fighter)         Turns: 1779, Time: 00:03:42

Health: -3/40      AC:  9    Str: 21    XL:     4   Next: 31%
Magic:  12/12      EV:  5    Int:  5    God:
Gold:   84         SH: 10    Dex: 10    Spells: 3/3 levels left

rFire    . . .     SeeInvis .   a - +0 long sword
rCold    . . .     Gourm    .   c - +1 shield
rNeg     . . .     Faith    .   b - +0 chain mail
rPois    .         Spirit   .   (helmet restricted)
rElec    .         Reflect  .   (no cloak)
rCorr    .         Harm     .   (no gloves)
MR       .....                  (no boots)
Stlth    ..........             (no amulet)
HPRegen  0.13/turn              p - ring of magical power
MPRegen  0.13/turn              (no ring)

@: no status effects
A: retaliatory headbutt, horns 2
a: no special abilities


You were on level 3 of the Dungeon.
You were hungry.

You visited 1 branch of the dungeon, and saw 3 of its levels.

You collected 84 gold pieces.

Inventory:

Hand Weapons
 a - a +0 long sword (weapon)
Missiles
 g - 39 bolts
Armour
 b - a +0 chain mail (worn)
 c - a +1 shield (worn)
Jewellery
 p - a ring of magical power (left hand)
Wands
 o - a wand of scattershot (5)
Scrolls
 i - 3 scrolls of amnesia
 j - a scroll of magic mapping {unknown}
Potions
 d - 2 potions of might
 e - a potion of magic {unknown}
 h - 2 potions of mutation
 k - 2 potions of curing {unknown}
 n - 2 potions of berserk rage {unknown}
Comestibles
 f - 3 rations


   Skills:
 + Level 4.1 Fighting
 + Level 3.8 Long Blades
 + Level 4.3 Armour
 + Level 0.1 Dodging
 + Level 4.5 Shields


You had 3 spell levels left.
You didn't know any spells.

Dungeon Overview and Level Annotations

Branches:
Dungeon (3/15)

Altars:
Trog

Annotations:
D:3 Grinder


Innate Abilities, Weirdness & Mutations

You reflexively headbutt those who attack you in melee.
You have a pair of horns on your head.


Message History

You block Grinder's attack. Grinder gestures at you.
You resist with significant effort.
You closely miss Grinder.
Grinder is heavily wounded.
Grinder barely misses you. You furiously retaliate!
You headbutt Grinder. Grinder gestures at you. Pain shoots through your body!
You hit Grinder.
Grinder is heavily wounded.
Grinder gestures at you. Pain shoots through your body!
* * * LOW HITPOINT WARNING * * *
You block Grinder's attack.
You closely miss Grinder.
Grinder is heavily wounded.
You block Grinder's attack. Grinder hits you.
* * * LOW HITPOINT WARNING * * *
You writhe in agony.
You die...

#.#.# ......## #.#.# ##
###....... +.+.+ . .......##.
#.#.# .# ....... . #.#.# . #....#
#.#.#.#.##....... #....#
#.#.#5#.##...... #
#####....####..#@.##......#+#####
+...........##.#.##.......#.##...
######....##..............#.##...
#....#....###.##..........#.##...
#....#....###..#..........#.##...
#..............#..........#.##...
#.....................#...#'##...
#.............#.......#..........
#.............#.......#..........


You could see Grinder.

Vanquished Creatures
  A gnoll (D:1)
  3 adders
  3 worms
  A leopard gecko (D:2)
  3 orcs (D:3)
  A giant cockroach (D:1)
  7 goblins
  7 hobgoblins
  A ball python (D:2)
  5 bats
  5 kobolds
  5 rats
42 creatures vanquished.

Notes
Turn   | Place    | Note
-------+----------+-------------------------------------------
     0 | D:1      | Peloso the Minotaur Fighter began the quest for the Orb.
     0 | D:1      | Reached XP level 1. HP: 19/19 MP: 0/0
   219 | D:1      | Reached XP level 2. HP: 7/27 MP: 1/1
  1087 | D:2      | Reached XP level 3. HP: 32/33 MP: 2/2
  1570 | D:2      | Found a bloodstained altar of Trog.
  1623 | D:3      | Reached XP level 4. HP: 40/40 MP: 3/3
  1771 | D:3      | Noticed Grinder
  1779 | D:3      | HP: 2/40 [Grinder (5)]
  1779 | D:3      | Slain by Grinder

Skill      XL: |  1  2  3 |
---------------+----------+-----
Shields        | 4 |  4.5
Armour         | 4 |  4.3
Long Blades    | 3 |  3.8
Fighting       | 4 |  4.1
Dodging        | |  0.1

Action                   |  1- 3 |  4- 6 || total
-------------------------+-------+-------++-------
Melee: Long sword        |    91 |    18 ||   109
       Headbutt          |    17 |     7 ||    24
  Use: Scroll            |     4 |       ||     4
  Eat: Chunk             |     2 |       ||     2
Armor: Scale mail        |    13 |       ||    13
       Chain mail        |    41 |     5 ||    46
Dodge: Dodged            |    20 |     9 ||    29
Block: Shield            |    58 |    12 ||    70
       Rpst.: Long sword |     6 |     3 ||     9
